Map: Lerilak Crest

Players

TOP - Winner!

  • Race: Terran Terran
  • League: Master

whaleslapper

  • Race: Terran Terran
  • League: Grandmaster

Event: Lycan League Weekly August #3

VOD

Have the link to the VOD?

Description

Time

  • Played on: Aug. 17, 2015, 1:07 p.m.
  • Length: 9:37

All games in this series

Show
View Real Time Build Order
Export as new Build Order

TOP Terran - Winner!

Build Orders: 1/1/1, MMM Bio 

Get SALT Encoding   

  12  0:01  SCV  
  13  0:13  SCV  
  14  0:17  Supply Depot  
  14  0:25  SCV  
  15  0:39  SCV  
  15  0:40  Barracks  
  16  0:44  Refinery  
  16  0:51  SCV  
  16  0:53  Refinery  
  17  1:03  SCV  
  18  1:15  SCV  
  19  1:27  Orbital Command  
  19  1:32  Factory  
  19  1:41  Supply Depot  
  19  1:43  Reaper  
  20  1:56  SCV  
  21  2:08  SCV  
  22  2:15  Reaper  
  23  2:17  Starport  
  23  2:18  Hellion  
  23  2:21  SCV  
  26  2:33  SCV, Supply Depot  
  27  2:39  Hellion  
  29  2:45  SCV  
  29  2:47  Barracks Tech Lab  
  30  2:57  Viking  
  30  2:58  SCV  
  33  3:03  Hellion  
  34  3:27  Barracks Reactor  
  34  3:28  Command Center  
  34  3:29  Factory Tech Lab  
  32  3:43  Raven  
  32  4:02  Siege Tank  
  34  4:04  Marine x2  
  34  4:09  Barracks  
  36  4:11  Barracks  
  36  4:22  SCV, Marine x2  
  39  4:39  Marine  
  39  4:40  Siege Tank, Marine  
  44  4:51  Orbital Command  
  47  5:05  Barracks Reactor x2  
  43  5:09  Viking  
  43  5:11  Viking  
  43  5:12  Marine  
  43  5:14  Stimpack  
  48  5:15  SCV  
  49  5:27  SCV, Orbital Command  
  48  5:29  Refinery  
  49  5:36  Refinery  
  49  5:39  SCV  
  49  5:40  Viking  
  49  5:41  Viking  
  54  5:45  Marine  
  54  5:47  Supply Depot  
  53  5:53  Supply Depot, SCV x2  
  51  6:05  SCV  
  51  6:06  Marine x2  
  54  6:16  Medivac  
  56  6:18  SCV  
  56  6:23  Medivac  
  56  6:25  SCV  
  60  6:30  Marine x2  
  60  6:32  Marine  
  63  6:33  Marine  
  63  6:36  SCV  
  65  6:47  Marine  
  65  6:48  Marine x2  
  65  6:49  SCV x2  
  70  6:56  Supply Depot  
  70  6:57  Supply Depot  
  70  7:18  SCV x2, Siege Tank, Marine x5  
  70  7:20  Supply Depot x2, Medivac  
  82  7:30  SCV x2  
  84  7:39  Marine x2  
  84  7:41  Marine x2  
  84  7:42  SCV x2  
  91  7:45  Supply Depot  
  91  7:46  Supply Depot  
  91  7:50  Combat Shields  
  90  7:54  SCV  
  90  7:57  SCV  
  92  8:06  Marine x2  
  94  8:13  Marine  
  94  8:14  Command Center  
  88  8:30  Marine x2  
  88  8:33  SCV x2  
  78  8:34  Marine x2  
  78  8:35  Siege Tank  
  78  8:37  Marine  
  84  8:43  Medivac x2  
  84  8:45  SCV x2  
  84  8:48  Marine  
  91  8:55  Marine  
  91  8:56  Marine  
  91  8:57  Marine x2  
  95  9:06  Marine  
  100  9:17  Barracks  
  100  9:20  Barracks  
Show
View Real Time Build Order
Export as new Build Order

whaleslapper Terran 

Build Orders: 1/1/1, Bio Tank, MMM Bio, Banshee Rush 

Get SALT Encoding   

  12  0:01  SCV  
  13  0:13  SCV  
  14  0:17  Supply Depot  
  14  0:25  SCV  
  15  0:30  Refinery  
  15  0:39  SCV  
  16  0:45  Barracks  
  16  0:51  SCV  
  17  1:03  SCV  
  18  1:15  SCV  
  19  1:28  Refinery  
  19  1:32  Marine, Orbital Command  
  20  1:33  Factory  
  20  1:44  Supply Depot  
  20  1:50  Reaper  
  21  1:59  SCV  
  22  2:14  SCV  
  23  2:18  Hellion  
  23  2:19  Starport  
  23  2:22  Reaper  
  26  2:26  SCV  
  26  2:29  Supply Depot  
  27  2:39  SCV  
  27  2:40  Hellion  
  30  2:51  SCV  
  31  2:54  Reaper  
  31  3:02  Hellion, Starport Tech Lab  
  31  3:03  SCV  
  34  3:09  Supply Depot  
  34  3:15  SCV  
  35  3:20  Cloaking Field  
  35  3:21  Banshee  
  35  3:26  Reaper  
  39  3:30  Hellion  
  39  3:33  SCV  
  42  3:34  Supply Depot  
  41  3:46  SCV  
  40  4:03  Factory Tech Lab  
  40  4:04  Banshee  
  40  4:06  SCV  
  44  4:11  Command Center  
  44  4:14  Barracks Reactor  
  44  4:18  SCV  
  44  4:23  Siege Tank  
  48  4:29  Engineering Bay  
  48  4:30  SCV  
  49  4:42  SCV  
  44  4:58  Barracks  
  44  5:00  Barracks  
  44  5:05  Starport Reactor  
  44  5:06  Marine x2  
  46  5:08  SCV  
  47  5:16  Siege Tank  
  47  5:21  SCV  
  51  5:30  Orbital Command  
  51  5:34  Marine x2  
  53  5:36  SCV  
  54  5:49  Marine  
  54  5:50  Stimpack  
  54  5:52  SCV, Marine  
  54  5:54  Marine  
  54  5:56  Starport Reactor  
  55  5:57  Marine  
  55  5:58  Marine  
  55  6:00  SCV  
  58  6:04  SCV  
  58  6:08  Marine  
  60  6:12  SCV  
  60  6:15  Barracks x2  
  60  6:16  SCV  
  60  6:18  Supply Depot, Marine  
  62  6:19  Marine x2  
  62  6:24  SCV  
  66  6:28  SCV, Supply Depot  
  66  6:29  Supply Depot  
  66  6:30  Terran Infantry Weapons Level 1  
  66  6:31  Marine  
  68  6:36  SCV  
  68  6:39  Medivac x2, Marine  
  74  6:45  Marine  
  74  6:46  SCV  
  74  6:47  Refinery x2, Marine  
  74  6:50  Siege Tank  
  78  6:54  SCV  
  78  6:55  Marine x2  
  78  6:56  Supply Depot  
  78  6:58  SCV  
  78  7:01  Marine  
  83  7:02  Marine  
  83  7:03  Barracks Reactor  
  83  7:06  SCV  
  85  7:09  Medivac  
  85  7:11  SCV  
  85  7:13  Marine  
  89  7:17  Marine  
  89  7:18  Command Center  
  89  7:22  Siege Tank, Marine x2  
  95  7:26  Marine x2  
  97  7:30  Marine  
  97  7:35  Marine  
  98  7:37  Medivac  
  98  7:42  Supply Depot  
  102  7:49  Supply Depot  
  102  7:50  Combat Shields  
  102  7:51  Marine  
  102  7:52  Marine  
  102  8:00  Supply Depot  
  102  8:02  Supply Depot  
  102  8:10  Medivac, Siege Tank, Marine x3  
  110  8:19  Marine, Medivac  
  104  8:21  Marine  
  104  8:22  Marine  
  103  8:28  Marine  
  88  8:34  Marine x2  
  88  8:36  SCV x2, Orbital Command  
  88  8:40  Medivac  
  93  8:45  Marine  
  93  8:46  Marine  
  93  8:47  Siege Tank  
  98  8:48  SCV x2  
  100  8:56  Marine  
  100  8:58  Marine  
  100  8:59  Marine  
  100  9:00  SCV x2  
  100  9:01  Marine  
  106  9:03  Marine  
  106  9:09  SCV  
  108  9:10  Marine  
  108  9:13  SCV x2  
  113  9:19  Marine  
  113  9:21  SCV  
  118  9:25  SCV x2  

Tags
 
Add a new tag
Caveats
  • Supply blocks, unpowered buildings, or Contaminate may cause inaccurate times.
  • Supply counts are checked every 10 seconds.